 Dungeon Crawl Stone Soup version 0.25.1-2-g60ff931df9 (webtiles) character file.

Game seed: 14933418179932446761

487 Arcadio the Firebug (level 7, -1/48 HPs)
             Began as a Human Fire Elementalist on Nov 20, 2020.
             Was a Follower of Vehumet.
             Killed from afar by an orc wizard (4 damage)
             ... with a puff of frost
             ... on level 4 of the Dungeon.
             The game lasted 00:32:36 (4291 turns).

Arcadio the Firebug (Human Fire Elementalist)       Turns: 4291, Time: 00:32:37

Health: -1/48      AC:  2    Str:  8    XL:     7   Next: 36%
Magic:  11/13      EV: 28    Int: 18    God:    Vehumet [*.....]
Gold:   183        SH:  0    Dex: 13    Spells: 6/14 levels left

rFire    . . .     SeeInvis .   n - +0 club
rCold    . . .     Gourm    .   (no shield)
rNeg     . . .     Faith    .   x - +0 robe
rPois    .         Spirit   .   (no helmet)
rElec    .         Reflect  .   (no cloak)
rCorr    .         Harm     .   (no gloves)
MR       .....                  (no boots)
Stlth    ++........             i - amulet of the acrobat
HPRegen  0.16/turn              (no ring)
MPRegen  0.13/turn              (no ring)

@: lethally poisoned (-1 -> -3), acrobat
A: no striking features
a: Renounce Religion


You were on level 4 of the Dungeon.
You worshipped Vehumet.
Vehumet was aware of your devotion.
You were not hungry.

You visited 1 branch of the dungeon, and saw 4 of its levels.

You collected 183 gold pieces.

Inventory:

Hand Weapons
 d - a +0 hand axe
 f - a +0 whip
 h - a +0 club
 l - a +0 club
 n - a +0 club (weapon)
 s - a +0 war axe
 w - a +0 dagger
Missiles
 e - 124 stones (quivered)
 m - 2 boomerangs of dispersal
 r - 3 boomerangs
Armour
 a - a +0 robe
 p - a +0 pair of gloves
 t - a +0 leather armour
 x - a +0 robe (worn)
 y - a +0 scale mail
Jewellery
 i - an amulet of the acrobat (around neck)
Wands
 o - a wand of disintegration (10)
Scrolls
 v - a scroll of fear {unknown}
 z - a scroll of noise {unknown}
Potions
 b - a potion of lignification {unknown}
 g - 2 potions of degeneration {unknown}
 j - a potion of might {unknown}
 k - a potion of curing {unknown}
 q - a potion of mutation {unknown}
 u - a potion of cancellation {unknown}
Comestibles
 c - 2 rations
 A - a chunk of flesh


   Skills:
 + Level 1.2 Fighting
 + Level 0.9 Maces & Flails
 + Level 3.0 Dodging
 + Level 2.4 Stealth
 + Level 4.1 Spellcasting
 + Level 3.1 Conjurations
 + Level 4.8 Fire Magic


You had 6 spell levels left.
You knew the following spells:

 Your Spells              Type           Power        Failure   Level  Hunger
a - Foxfire               Conj/Fire      ###.         2%          1    None
b - Conjure Flame         Conj/Fire      ###.....     9%          3    ###....
c - Sticky Flame          Conj/Fire      ###.....     28%         4    ####...

Your spell library contained the following spells:

 Spells                   Type           Power        Failure   Level  Hunger
 Sandblast                Erth           #.....       14%         1    None
 Summon Small Mammal      Summ           #...         14%         1    None
 Inner Flame              Hex/Fire       ##......     16%         3    ###....
 Call Imp                 Summ           #.......     22%         2    ##.....
 Call Canine Familiar     Summ           #.......     41%         3    ###....
 Summon Guardian Golem    Hex/Summ       #.......     41%         3    ###....
 Fireball                 Conj/Fire      ###.......   61%         5    ######.
 Summon Ice Beast         Ice/Summ       #.......     82%         4    ####...
 Summon Lightning Spire   Summ/Air       #.......     82%         4    ####...


Dungeon Overview and Level Annotations

Branches:
Dungeon (4/15)
 Temple: D:4-7

Altars:
Elyvilon
Trog
Vehumet
The Shining One


Message History

You are poisoned.
The worker ant poisons you!
You feel sick.
The foxfire hits the worker ant!
The worker ant is almost dead.
The foxfire hits the worker ant.
You kill the worker ant!
Vehumet accepts your kill.
Your Dodging skill increases to level 3!
You feel sick.
You feel sick.
A puff of flame appears from out of thin air!
The puff of flame hits you!
* * * LOW HITPOINT WARNING * * *
You feel sick.
A magic dart appears from out of thin air!
The magic dart hits you!
* * * LOW HITPOINT WARNING * * *
A puff of frost appears from out of thin air!
The puff of frost hits you.
You die...

.........# ###....# #......
.........# #...>..# #......
........o#########.##...###......
.................................
..†......#..........#............
......................##.###..###
......................##.###..###
......................##.........
....####.o...{..@...<.##.........
##.......o..)o...................
............).)........#.........
.......##............#...........
........>.....)......)....[..<...
....##############.#...#.........
.....## #.###>...#(#####
...#..### #..####....####
...##...## ##..# #.......#


You could see 3 orcs.

Vanquished Creatures
  An ogre (D:4)
  A scorpion (D:3)
  A bullfrog skeleton (D:4)
  An iguana (D:4)
  An orc wizard (D:4)
  4 worker ants
  A hound skeleton (D:4)
  7 gnolls
  2 adders (D:2)
  An ooze (D:4)
  3 worms
  2 dart slugs (D:1)
  A leopard gecko (D:1)
  4 orcs
  9 bats
  2 giant cockroaches
  3 goblins
  5 hobgoblins
  5 jackals (D:4)
  A quokka (D:2)
  A ball python (D:1)
  5 frilled lizards
  9 kobolds
  10 rats
80 creatures vanquished.

Vanquished Creatures (others)
  271 foxfires
271 creatures vanquished.

Grand Total: 351 creatures vanquished

Notes
Turn   | Place    | Note
-------+----------+-------------------------------------------
     0 | D:1      | Arcadio the Human Fire Elementalist began the quest for the
                  | Orb.
     0 | D:1      | Reached XP level 1. HP: 13/13 MP: 3/3
   163 | D:1      | Reached XP level 2. HP: 19/19 MP: 0/5
   485 | D:1      | Reached XP level 3. HP: 20/24 MP: 1/6
   493 | D:1      | Found a glowing golden altar of the Shining One.
   992 | D:2      | Found a bloodstained altar of Trog.
  1010 | D:2      | Learned a level 3 spell: Conjure Flame
  1300 | D:2      | Reached XP level 4. HP: 30/30 MP: 0/7
  1770 | D:2      | Reached XP level 5. HP: 36/36 MP: 3/9
  1914 | D:2      | Found a radiant altar of Vehumet.
  1926 | D:2      | Became a worshipper of Vehumet
  2051 | D:3      | Learned a level 4 spell: Sticky Flame
  3024 | D:4      | Reached skill level 1 in Fighting
  3153 | D:3      | Reached XP level 6. HP: 17/43 MP: 1/10
  3510 | D:4      | Noticed an ogre
  3534 | D:4      | Killed an ogre
  3632 | D:4      | Reached XP level 7. HP: 40/48 MP: 8/12
  3641 | D:4      | Reached * piety under Vehumet
  3641 | D:4      | Offered knowledge of Sandblast by Vehumet.
  4098 | D:4      | Found a white marble altar of Elyvilon.
  4289 | D:4      | HP: 2/48 [something/magic dart (8)]
  4291 | D:4      | Killed from afar by an orc wizard

Illustrated notes

Levels and vault maps discovered:
D:1:      dpeg_arrival_simpleton_c, layout_loops_ring, kennysheep_doodads,
          tso_metal_star
D:2:      layout_rooms, lemuel_crystal_altar, lemuel_coloured_pillars_altar
D:3:      layout_rooms
D:4:      layout_rooms, nicolae_overflow_crystal_walls, elyvilon_altar_3

Skill      XL: |  1  2  3  4  5  6  7 |
---------------+----------------------+-----
Fire Magic     | 4 |  4.8
Spellcasting   | 3 4 |  4.1
Conjurations   | 2 3 |  3.1
Fighting       | 1 |  1.2
Dodging        | 3 |  3.0
Maces & Flails | |  0.9
Stealth        | |  2.4

Action                   |  1- 3 |  4- 6 |  7- 9 || total
-------------------------+-------+-------+-------++-------
Melee: Club              |    27 |    10 |     7 ||    44
       Whip              |     2 |       |       ||     2
 Cast: Foxfire           |    49 |    94 |    35 ||   178
       Conjure Flame     |     1 |     1 |       ||     2
Evoke: Wand              |       |     2 |     1 ||     3
  Use: Scroll            |     3 |     4 |       ||     7
 Stab: Sleeping          |     1 |       |       ||     1
  Eat: Chunk             |     1 |     5 |       ||     6
       Ration            |       |     2 |       ||     2
Armor: Robe              |    12 |     6 |       ||    18
Dodge: Dodged            |    34 |    50 |    14 ||    98
